 Dungeon Crawl Stone Soup version 0.31.0-12-g77e489cdc1 (webtiles) character file.

Game seed: 7146772501221082579

18062 Galthrax the Destroyer (level 12, -3/92 HPs)
             Began as a Gnoll Conjurer on Feb 2, 2024.
             Was a High Priest of Vehumet.
             Incinerated by a deep elf pyromancer (7 damage)
             ... with a pyre arrow
             ... on level 12 of the Dungeon on Feb 14, 2024.
             The game lasted 00:41:39 (13657 turns).

Galthrax the Destroyer (Gnoll Conjurer)            Turns: 13657, Time: 00:41:40

Health: -3/92      AC: 16    Str:  6    XL:     12   Next: 54%
Magic:  24/34      EV: 14    Int: 27    God:    Vehumet [*****.]
Gold:   541        SH:  0    Dex:  8    Spells: 6/29 levels left

rFire   . . .        r - +2 quarterstaff "Giv Hure" {flame, rElec rPois Int+5 Dex-4}
rCold   + . .        (shield currently unavailable)
rNeg    . . .        D - +0 steam dragon scales
rPois   +            (no helmet)
rElec   +            v - +2 cloak
rCorr   .            x - +2 pair of gloves
SInv    .            z - +2 pair of boots
Will    .....        g - amulet of regeneration
Stlth   ++           C - ring of protection from cold
HPRegen 1.15/turn    W - ring of magical power
MPRegen 0.24/turn

%: no passive effects
@: on fire, glowing
A: fangs 1, strong nose, distributed training
a: Renounce Religion


You were on level 12 of the Dungeon.
You worshipped Vehumet.
Vehumet was extremely pleased with you.
You visited 2 branches of the dungeon, and saw 13 of its levels.

You collected 896 gold pieces.
You spent 355 gold pieces at shops.


Innate Abilities, Weirdness & Mutations

You have very sharp teeth.
Your uncanny sense of smell can sniff out nearby items.
Your experience applies equally to all skills.


   Skills:
 + Level 7.6 Fighting
 + Level 7.6 Short Blades
 + Level 7.6 Long Blades
 + Level 7.6 Axes
 + Level 7.6 Maces & Flails
 + Level 7.6 Polearms
 + Level 7.6 Staves
 + Level 7.6 Ranged Weapons
 + Level 7.6 Throwing
 + Level 7.6 Armour
 + Level 9.0 Dodging
 + Level 8.8 Stealth
 + Level 7.6 Shields
 + Level 7.6 Unarmed Combat
 + Level 9.2 Spellcasting
 + Level 9.6 Conjurations
 + Level 6.3 Hexes
 + Level 6.3 Summonings
 + Level 6.3 Necromancy
 + Level 6.3 Translocations
 + Level 6.3 Fire Magic
 + Level 6.3 Ice Magic
 + Level 6.3 Air Magic
 + Level 6.3 Earth Magic
 + Level 6.3 Alchemy
 + Level 8.4 Invocations
 + Level 7.6 Evocations
 + Level 7.0 Shapeshifting


You had 6 spell levels left.
You knew the following spells:

 Your Spells              Type           Power      Damage    Failure   Level
f - Frozen Ramparts       Ice            94%        1d15      1%          3
i - Iskenderun's Mystic   Conj/Tloc      54%        2d12      1%          4
l - Lehudib's Crystal Sp  Conj/Erth      27%        10d7      93%         8
m - Magic Dart            Conj           100%       1d8       1%          1
s - Searing Ray           Conj           100%       2d8       1%          2
F - Fireball              Conj/Fire      27%        3d12      1%          5

Your spell library contained the following spells:

 Spells                   Type           Power      Damage    Failure   Level
 Necrotise                Necr           100%       1d9       1%          1
 Blink                    Tloc           94%        N/A       1%          2
 Call Imp                 Summ           94%        N/A       1%          2
 Vampiric Draining        Necr           47%        2d9       1%          3
 Fulminant Prism          Conj/Alch      27%        3d13      1%          4
 Leda's Liquefaction      Alch/Erth      23%        N/A       3%          4
 Martyr's Knell           Necr/Summ      47%        N/A       3%          4
 Petrify                  Alch/Erth      47%        N/A       3%          4
 Curse of Agony           Necr           47%        N/A       10%         5
 Metabolic Englaciation   Hex/Ice        23%        N/A       10%         5

Inventory:

Hand Weapons
 r - the +2 quarterstaff "Giv Hure" (weapon) {flame, rElec rPois Int+5 Dex-4}
   (You took it off a kobold on level 9 of the Dungeon)

   Int+5:     It affects your intelligence (+5).
   Dex-4:     It affects your dexterity (-4).
   rElec:     It insulates you from electricity.
   rPois:     It protects you from poison
 B - the +2 short sword of Vidu {flame, rCorr}
   (You found it on level 7 of the Dungeon)

   rCorr:     It protects you from acid and corrosion.
Missiles
 f - 12 javelins
 k - 10 curare-tipped darts {=f}
 E - 4 boomerangs
 G - 30 poisoned darts
 O - 130 stones
Armour
 b - an orb of energy
   (You found it on level 11 of the Dungeon)
 v - a +2 cloak (worn)
   (You found it on level 7 of the Dungeon)
 x - a +2 pair of gloves (worn)
   (You found it on level 7 of the Dungeon)
 z - a +2 pair of boots (worn)
   (You found it on level 8 of the Dungeon)
 D - +0 steam dragon scales (worn)
   (You found it on level 7 of the Dungeon)
Jewellery
 c - a ring of protection from cold
   (You found it on level 12 of the Dungeon)
 g - an amulet of regeneration (around neck)
   (You found it on level 4 of the Dungeon)
 w - a ring of magical power
   (You found it on level 7 of the Dungeon)
 C - a ring of protection from cold (left hand)
   (You found it on level 6 of the Dungeon)
 Q - an amulet of reflection
   (You found it on level 12 of the Dungeon)
 R - a ring of resist corrosion
   (You found it on level 11 of the Dungeon)
 W - a ring of magical power (right hand)
   (You found it on level 6 of the Dungeon)
Talismans
 a - a maw talisman
   (You found it on level 8 of the Dungeon)
 y - a flux talisman
   (You found it on level 7 of the Dungeon)
Wands
 h - a wand of quicksilver (4)
   (You found it on level 2 of the Dungeon)
 m - a wand of flame (27)
   (You found it on level 5 of the Dungeon)
 n - a wand of polymorph (13)
   (You found it on level 4 of the Dungeon)
 u - a wand of roots (7)
   (You found it on level 10 of the Dungeon)
 F - a wand of charming (8)
   (You took it off a gnoll sergeant on level 9 of the Dungeon)
 L - a wand of digging (5)
   (You found it on level 9 of the Dungeon)
Scrolls
 p - a scroll of vulnerability {!r!r}
 s - 2 scrolls of revelation
 t - a scroll of fear
 H - 3 scrolls of enchant weapon
 I - a scroll of immolation {!r!r}
 J - 2 scrolls of teleportation {@r4}
 K - a scroll of torment {unknown}
Potions
 d - 2 potions of haste {@q3}
 e - 4 potions of attraction {!q}
 i - a potion of heal wounds {unknown}
 j - a potion of might
 l - 3 potions of curing {@q1}
 o - a potion of resistance {unknown}
 q - a potion of mutation {unknown}
 A - 4 potions of lignification {!q}
 M - a potion of ambrosia {unknown}
 N - a potion of enlightenment {unknown}

Dungeon Overview and Level Annotations

Branches:
Dungeon (12/15) Zot: 25889  Temple (1/1) D:4 Zot: 5945    Lair (0/5) D:8
    Orc (0/2) D:10

Altars:
Ashenzari
Cheibriados
Dithmenos
Elyvilon
Fedhas
Gozag
Hepliaklqana
Kikubaaqudgha
Makhleb
Nemelex Xobeh
Okawaru
Qazlal
Ru
Sif Muna
Trog
Uskayaw
Vehumet
Wu Jian
Xom
Yredelemnul
Zin
The Shining One

Shops:
D:6 *   D:9 ?   D:10 *:

Annotations:
D:10 Amaemon

# ###?### #......
#......#####
#....โ—‹ยง.@..##############
#...ยฐ..###..............#
#...... ##############..
#....). ### #.....> #####.#
.. .# ###+#######


There were no monsters in sight!


Message History

๐Ÿ˜Ž MP[-3]
You lost 3 mp, and now have 4/34 mp.
Casting: Frozen Ramparts (safe; 1% risk of failure)
Confirm with . or Enter, or press ? or * to list all spells.
You erupt in a blast of force!
The mystic blast hits the boulder beetle but does no damage.
The wall freezes the boulder beetle but does no damage.
The boulder beetle barely misses you. ๐Ÿ˜Ž MP[-4]
You lost 4 mp, and now have 0/34 mp.
You hit the boulder beetle but do no damage.
The wall freezes the boulder beetle but does no damage.
The boulder beetle leaps! ๐Ÿ˜Ž MP[+1]
The wall freezes the boulder beetle!
The wall freezes the boulder beetle but does no damage.
The boulder beetle curls into a ball and begins rolling!
The wall freezes the boulder beetle.
The wall freezes the boulder beetle!
You kill the boulder beetle!
Vehumet accepts your kill.
You feel your power returning.
Your Dodging skill increases to level 9! ๐Ÿ˜Ž MP[+1]
The frozen ramparts melt away.
You open the door.
There is an open door here.
l - 3 potions of curing {@q1} (gained 1)
You now have 541 gold pieces (gained 19).
A deep elf pyromancer comes into view. It is wielding a +0 rapier.
Found an escape hatch in the floor. ๐Ÿ˜Ž MP[+32]
Your mp is fully restored (34).
Okay, then.
Casting: Iskenderun's Mystic Blast (mildly dangerous; 1% risk of failure)
Confirm with . or Enter, or press ? or * to list all spells.
Casting: Frozen Ramparts (safe; 1% risk of failure)
Press: ? - help, Dir - look around, f - activate
Okay, then.
Casting: Frozen Ramparts (safe; 1% risk of failure)
Confirm with . or Enter, or press ? or * to list all spells.
Okay, then.
Casting: Frozen Ramparts (safe; 1% risk of failure)
Confirm with . or Enter, or press ? or * to list all spells.
Aiming: Fireball (dangerous; 1% risk of failure)
Press: ? - help, Shift-Dir - straight line, f - deep elf pyromancer
Aim: a deep elf pyromancer, wielding a +0 rapier (asleep)
The fireball explodes!
The fireball engulfs the deep elf pyromancer!!
The deep elf pyromancer points at you and mumbles some strange words.
The pyre arrow hits you.
You are covered in intense liquid fire! ๐Ÿ˜Ž MP[-5]
You lost 5 mp, and now have 29/34 mp.
The magic dart hits the deep elf pyromancer.
The liquid fire burns you!
The deep elf pyromancer mumbles some strange words. ๐Ÿ˜• HP[-4] MP[-1]
You take 4 damage, and now have 87/91 hp.
You lost 1 mp, and now have 28/34 mp.
The magic dart hits the deep elf pyromancer.
The liquid fire burns you!
The deep elf pyromancer gestures at you while chanting.
The bolt of fire hits you. ๐Ÿ˜• HP[-18] MP[-1]
You take 18 damage, and now have 69/91 hp.
You lost 1 mp, and now have 27/34 mp.
The magic dart hits the fire elemental.
The liquid fire burns you!
The deep elf pyromancer casts a spell at you.
The bolt of fire hits you!!
* * * LOW HITPOINT WARNING * * *
๐Ÿ˜ฑ HP[-49]
You take 49 damage, and now have 20/91 hp.
MASSIVE DAMAGE!! (PAUSE)
Casting: Magic Dart (safe; 1% risk of failure)
Confirm with . or Enter, or press ? or * to list all spells.
Aiming: Searing Ray (safe; 1% risk of failure)
Press: ? - help, Shift-Dir - straight line, f - deep elf pyromancer, p - fire elemental
Aim: a deep elf pyromancer, wielding a +0 rapier (almost dead, 76% to hit)
The searing ray hits the deep elf pyromancer. (Press . to maintain the ray.)
The liquid fire burns you!
* * * LOW HITPOINT WARNING * * *
๐Ÿ˜ฑ HP[-4] MP[-2]
You take 4 damage, and now have 16/91 hp.
You lost 2 mp, and now have 25/34 mp.
The searing ray hits the deep elf pyromancer!
You kill the deep elf pyromancer!
Vehumet accepts your kill.
The fire elemental disappears in a puff of smoke!
The liquid fire burns you!
* * * LOW HITPOINT WARNING * * *
Your Shapeshifting skill increases to level 7! ๐Ÿ˜ฑ HP[-12] MP[-1]
You now have 92 max hp (+1).
You take 12 damage, and now have 4/92 hp.
You lost 1 mp, and now have 24/34 mp.
You shake off some of the fire as you move.
The liquid fire burns you!
You die...

Skill      XL: |  1  2  3  4  5  6  7  8  9 10 11 12 |
---------------+-------------------------------------+-----
Spellcasting   | 5 6 7 8 9 |  9.2
Invocations    | 1 2 3 4 5 6 7 8 |  8.4
Fighting       | 1 2 3 5 6 7 |  7.6
Short Blades   | 1 2 3 5 6 7 |  7.6
Long Blades    | 1 2 3 5 6 7 |  7.6
Axes           | 1 2 3 5 6 7 |  7.6
Maces & Flails | 1 2 3 5 6 7 |  7.6
Polearms       | 1 2 3 5 6 7 |  7.6
Staves         | 1 2 3 5 6 7 |  7.6
Ranged Weapons | 1 2 3 5 6 7 |  7.6
Throwing       | 1 2 3 5 6 7 |  7.6
Armour         | 1 2 3 5 6 7 |  7.6
Shields        | 1 2 3 5 6 7 |  7.6
Unarmed Combat | 1 2 3 5 6 7 |  7.6
Evocations     | 1 2 3 5 6 7 |  7.6
Shapeshifting  | 1 2 3 4 5 6 7 |  7.0
Hexes          | 1 2 3 4 5 6 |  6.3
Summonings     | 1 2 3 4 5 6 |  6.3
Necromancy     | 1 2 3 4 5 6 |  6.3
Translocations | 1 2 3 4 5 6 |  6.3
Fire Magic     | 1 2 3 4 5 6 |  6.3
Ice Magic      | 1 2 3 4 5 6 |  6.3
Air Magic      | 1 2 3 4 5 6 |  6.3
Earth Magic    | 1 2 3 4 5 6 |  6.3
Alchemy        | 1 2 3 4 5 6 |  6.3
Dodging        | 5 6 7 8 9 |  9.0
Stealth        | 5 6 7 8 |  8.8
Conjurations   | 8 9 |  9.6

Action                     |  1- 3 |  4- 6 |  7- 9 | 10-12 || total
---------------------------+-------+-------+-------+-------++-------
  Melee: Unarmed           |       |     3 |    12 |       ||    15
         Bite              |       |     1 |     3 |    14 ||    18
         Short sword       |       |       |     8 |    13 ||    21
         Punch             |       |       |     1 |       ||     1
         Quarterstaff      |       |       |       |    60 ||    60
   Cast: Magic Dart        |    70 |    78 |   115 |    22 ||   285
         Searing Ray       |     1 |     7 |    49 |    90 ||   147
         Frozen Ramparts   |       |       |     6 |    30 ||    36
         Iskenderun's Myst |       |       |    11 |    50 ||    61
         Fireball          |       |       |       |     1 ||     1
  Evoke: Wand              |       |       |       |     2 ||     2
    Use: Scroll            |     4 |     5 |     5 |     5 ||    19
         Potion            |       |       |       |     5 ||     5
   Stab: Sleeping          |       |       |     1 |     3 ||     4
 Armour: Robe              |     2 |     9 |    50 |       ||    61
         Steam dragon scal |       |       |    26 |   320 ||   346
  Dodge: Dodged            |     2 |     5 |    65 |   209 ||   281

Levels and vault maps discovered:
D:1:      matt_arrival_diagonals, layout_rooms, serial_glass, glass_columns_a,
          glass_columns_a, feat_on_display,
          shapermc_ecumenical_altar_totnotflames, skrybe_limestone_x
D:2:      layout_rooms, serial_corexii_hall, corexii_hall_statues_x,
          corexii_hall_statues_t, chequers_hall_statues_y
D:3:      layout_loops_corners
D:4:      layout_rooms, kiku_gazebo_pond_becter, temple_hall,
          grunt_ministairs_4, amcnicky_mini_pool_small
D:5:      layout_loops_ring, mainiacjoe_overflow_tiny_flanked,
          minmay_diced_spiral, uniq_crazy_yiuf_cottage
D:6:      layout_cave_pools, serial_shops, shop, dk_noncrumbling_4
D:7:      layout_basic, slow_altar_1, bloody_trog
D:8:      layout_cave_pools, nicolae_hepliaklqana_hippocampus,
          lemuel_doored_altar, lair_entry_dummy
D:9:      layout_long_grid, mainiacjoe_overflow_cross_hatched,
          minmay_shop_grid_forest, minmay_the_grid_2x2 [minmay_the_grid_rooms,
          minmay_the_grid_x, minmay_the_grid_garden,
          minmay_the_grid_prize_inner_circle]
D:10:     layout_irregular_city, nzn_wu_jian_council_hall, orc_0_dummy,
          serial_shops, shop, nicolae_shop_i_like_small_books_too,
          uniq_josephine, uniq_amaemon
D:11:     layout_cross, serial_co_window_serial, co_window_paths_b,
          co_window_paths_a, co_window_paths_a, co_window_of_opportunity_a,
          co_window_paths_a, co_window_corner_a, co_window_corner_a,
          co_window_paths_a, co_window_paths_a, co_window_corner_b,
          co_window_unsneaky_path_a, co_window_of_opportunity_b,
          co_window_paths_d, glass_columns_c, glass_columns_a, glass_columns_a,
          grunt_tough_drop
D:12:     layout_roguey [special_room_orc], enter_trove_5, uniq_fannar
Temple:   dpeg_chambers_temple

Notes
Turn   | Place    | Note
-------+----------+-------------------------------------------
     0 | D:1      | Galthrax the Gnoll Conjurer began the quest for the Orb.
     0 | D:1      | Reached XP level 1. HP: 13/13 MP: 6/6
     0 | D:1      | magus.rc [v1.11.6]
     2 | D:1      | You add the spells Frozen Ramparts, Leda's Liquefaction,
                  | Petrify and Metabolic Englaciation to your library.
   156 | D:1      | Found a faded altar of an unknown god.
   194 | D:1      | Reached XP level 2. HP: 19/19 MP: 4/7
   429 | D:1      | Learned a level 2 spell: Searing Ray
   527 | D:1      | Reached skill level 5 in Spellcasting
   527 | D:1      | Reached XP level 3. HP: 25/25 MP: 6/9
   788 | D:1      | Reached skill level 1 in Invocations
  1083 | D:2      | Reached skill level 1 in Fighting
  1083 | D:2      | Reached skill level 1 in Short Blades
  1083 | D:2      | Reached skill level 1 in Long Blades
  1083 | D:2      | Reached skill level 1 in Axes
  1083 | D:2      | Reached skill level 1 in Maces & Flails
  1083 | D:2      | Reached skill level 1 in Polearms
  1083 | D:2      | Reached skill level 1 in Staves
  1083 | D:2      | Reached skill level 1 in Ranged Weapons
  1083 | D:2      | Reached skill level 1 in Throwing
  1083 | D:2      | Reached skill level 1 in Armour
  1083 | D:2      | Reached skill level 1 in Shields
  1083 | D:2      | Reached skill level 1 in Unarmed Combat
  1083 | D:2      | Reached skill level 1 in Evocations
  1197 | D:2      | Reached skill level 1 in Shapeshifting
  1197 | D:2      | Reached XP level 4. HP: 32/32 MP: 1/11
  1309 | D:2      | Learned a level 4 spell: Iskenderun's Mystic Blast
  1313 | D:2      | Learned a level 3 spell: Frozen Ramparts
  1812 | D:3      | Reached skill level 1 in Hexes
  1812 | D:3      | Reached skill level 1 in Summonings
  1812 | D:3      | Reached skill level 1 in Necromancy
  1812 | D:3      | Reached skill level 1 in Translocations
  1812 | D:3      | Reached skill level 1 in Fire Magic
  1812 | D:3      | Reached skill level 1 in Ice Magic
  1812 | D:3      | Reached skill level 1 in Air Magic
  1812 | D:3      | Reached skill level 1 in Earth Magic
  1812 | D:3      | Reached skill level 1 in Alchemy
  2249 | D:3      | Reached XP level 5. HP: 37/37 MP: 7/12
  3001 | D:4      | Noticed an ogre
  3006 | D:4      | Killed an ogre
  3007 | D:4      | Reached skill level 2 in Invocations
  3007 | D:4      | Reached XP level 6. HP: 44/44 MP: 6/13
  3009 | D:4      | Reached skill level 5 in Dodging
  3074 | D:4      | Found a staircase to the Ecumenical Temple.
  3083 | Temple   | Entered the Ecumenical Temple
  3110 | Temple   | Became a worshipper of Vehumet
  3168 | D:4      | Reached skill level 2 in Fighting
  3168 | D:4      | Reached skill level 2 in Short Blades
  3168 | D:4      | Reached skill level 2 in Long Blades
  3168 | D:4      | Reached skill level 2 in Axes
  3168 | D:4      | Reached skill level 2 in Maces & Flails
  3168 | D:4      | Reached skill level 2 in Polearms
  3168 | D:4      | Reached skill level 2 in Staves
  3168 | D:4      | Reached skill level 2 in Ranged Weapons
  3168 | D:4      | Reached skill level 2 in Throwing
  3168 | D:4      | Reached skill level 2 in Armour
  3168 | D:4      | Reached skill level 2 in Shields
  3168 | D:4      | Reached skill level 2 in Unarmed Combat
  3168 | D:4      | Reached skill level 2 in Evocations
  3259 | D:4      | Found an ancient bone altar of Kikubaaqudgha.
  3770 | D:5      | Entered Level 5 of the Dungeon
  3781 | D:5      | Reached skill level 2 in Shapeshifting
  3833 | D:5      | Noticed a water moccasin
  3839 | D:5      | Killed a water moccasin
  3840 | D:5      | Reached XP level 7. HP: 39/51 MP: 7/15
  3911 | D:5      | Reached skill level 2 in Hexes
  3911 | D:5      | Reached skill level 2 in Summonings
  3911 | D:5      | Reached skill level 2 in Necromancy
  3911 | D:5      | Reached skill level 2 in Translocations
  3911 | D:5      | Reached skill level 2 in Fire Magic
  3911 | D:5      | Reached skill level 2 in Ice Magic
  3911 | D:5      | Reached skill level 2 in Air Magic
  3911 | D:5      | Reached skill level 2 in Earth Magic
  3911 | D:5      | Reached skill level 2 in Alchemy
  4104 | D:5      | You add the spells Blink and Call Imp to your library.
  4131 | D:5      | Reached skill level 5 in Stealth
  4346 | D:5      | Reached skill level 3 in Invocations
  4621 | D:5      | Found a shimmering altar of Xom.
  4832 | D:5      | Found the +5 demon whip "Spellbinder" {antimagic, disrupt,
                  | Will+}
  5050 | D:5      | Found a runed translucent door.
  5051 | D:5      | Noticed Crazy Yiuf
  5056 | D:5      | Killed Crazy Yiuf
  5057 | D:5      | Reached skill level 3 in Fighting
  5057 | D:5      | Reached skill level 3 in Short Blades
  5057 | D:5      | Reached skill level 3 in Long Blades
  5057 | D:5      | Reached skill level 3 in Axes
  5057 | D:5      | Reached skill level 3 in Maces & Flails
  5057 | D:5      | Reached skill level 3 in Polearms
  5057 | D:5      | Reached skill level 3 in Staves
  5057 | D:5      | Reached skill level 3 in Ranged Weapons
  5057 | D:5      | Reached skill level 3 in Throwing
  5057 | D:5      | Reached skill level 3 in Armour
  5057 | D:5      | Reached skill level 3 in Shields
  5057 | D:5      | Reached skill level 3 in Unarmed Combat
  5057 | D:5      | Reached skill level 3 in Evocations
  5057 | D:5      | Reached XP level 8. HP: 58/58 MP: 12/16
  5210 | D:6      | Reached skill level 6 in Spellcasting
  5488 | D:6      | Reached skill level 3 in Shapeshifting
  5807 | D:6      | Reached * piety under Vehumet
  5807 | D:6      | Offered knowledge of Foxfire by Vehumet.
  5903 | D:6      | Found Ruunecs's Assorted Antiques.
  5982 | D:6      | Reached skill level 3 in Hexes
  5982 | D:6      | Reached skill level 3 in Summonings
  5982 | D:6      | Reached skill level 3 in Necromancy
  5982 | D:6      | Reached skill level 3 in Translocations
  5982 | D:6      | Reached skill level 3 in Fire Magic
  5982 | D:6      | Reached skill level 3 in Ice Magic
  5982 | D:6      | Reached skill level 3 in Air Magic
  5982 | D:6      | Reached skill level 3 in Earth Magic
  5982 | D:6      | Reached skill level 3 in Alchemy
  5982 | D:6      | Reached skill level 4 in Invocations
  6251 | D:6      | Reached skill level 6 in Dodging
  6391 | D:6      | magus.rc [v1.11.6]
  6391 | D:6      | magus.rc [v1.11.6]
  6391 | D:6      | magus.rc [v1.11.6]
  6391 | D:6      | magus.rc [v1.11.6]
  6391 | D:6      | magus.rc [v1.11.6]
  6391 | D:6      | magus.rc [v1.11.6]
  6391 | D:6      | magus.rc [v1.11.6]
  6391 | D:6      | magus.rc [v1.11.6]
  6391 | D:6      | magus.rc [v1.11.6]
  6391 | D:6      | magus.rc [v1.11.6]
  6391 | D:6      | magus.rc [v1.11.6]
  6391 | D:6      | magus.rc [v1.11.6]
  6391 | D:6      | magus.rc [v1.11.6]
  6391 | D:6      | magus.rc [v1.11.6]
  6391 | D:6      | magus.rc [v1.11.6]
  6391 | D:6      | Upgraded the game from 0.31.0-11-ge490571c62 to
                  | 0.31.0-12-g77e489cdc1
  6391 | D:6      | magus.rc [v1.11.6]
  6391 | D:6      | magus.rc [v1.11.6]
  6391 | D:6      | magus.rc [v1.11.6]
  6391 | D:6      | magus.rc [v1.11.6]
  6391 | D:6      | magus.rc [v1.11.6]
  6391 | D:6      | magus.rc [v1.11.6]
  6391 | D:6      | magus.rc [v1.11.6]
  6486 | D:7      | Found a bloodstained altar of Trog.
  6532 | D:7      | Found a snail-covered altar of Cheibriados.
  6769 | D:7      | Reached XP level 9. HP: 65/65 MP: 18/18
  6985 | D:7      | Reached skill level 4 in Fighting
  6985 | D:7      | Reached skill level 4 in Short Blades
  6985 | D:7      | Reached skill level 4 in Long Blades
  6985 | D:7      | Reached skill level 4 in Axes
  6985 | D:7      | Reached skill level 4 in Maces & Flails
  6985 | D:7      | Reached skill level 4 in Polearms
  6985 | D:7      | Reached skill level 4 in Staves
  6985 | D:7      | Reached skill level 4 in Ranged Weapons
  6985 | D:7      | Reached skill level 4 in Throwing
  6985 | D:7      | Reached skill level 4 in Armour
  6985 | D:7      | Reached skill level 4 in Shields
  6985 | D:7      | Reached skill level 4 in Unarmed Combat
  6985 | D:7      | Reached skill level 4 in Evocations
  7017 | D:7      | magus.rc [v1.11.6]
  7017 | D:7      | magus.rc [v1.11.6]
  7174 | D:7      | Identified the +2 short sword of Vidu {flame, rCorr}
  7441 | D:8      | Reached skill level 6 in Stealth
  7441 | D:8      | Reached skill level 8 in Conjurations
  7741 | D:8      | You add the spells Necrotise, Vampiric Draining, Martyr's
                  | Knell and Curse of Agony to your library.
  7847 | D:8      | Found a staircase to the Lair.
  7919 | D:8      | Reached skill level 4 in Shapeshifting
  8005 | D:8      | Found a hazy altar of Hepliaklqana.
  8049 | D:8      | Found an iron altar of Okawaru.
  8258 | D:9      | Found a basalt altar of Yredelemnul.
  8278 | D:9      | Noticed a two-headed ogre
  8290 | D:9      | Killed a two-headed ogre
  8291 | D:9      | Reached skill level 7 in Spellcasting
  8291 | D:9      | Reached skill level 4 in Hexes
  8291 | D:9      | Reached skill level 4 in Summonings
  8291 | D:9      | Reached skill level 4 in Necromancy
  8291 | D:9      | Reached skill level 4 in Translocations
  8291 | D:9      | Reached skill level 4 in Fire Magic
  8291 | D:9      | Reached skill level 4 in Ice Magic
  8291 | D:9      | Reached skill level 4 in Air Magic
  8291 | D:9      | Reached skill level 4 in Earth Magic
  8291 | D:9      | Reached skill level 4 in Alchemy
  8291 | D:9      | Reached skill level 5 in Invocations
  8295 | D:9      | Offered knowledge of Scorch by Vehumet.
  8456 | D:9      | Reached ** piety under Vehumet
  8488 | D:9      | Reached skill level 5 in Fighting
  8488 | D:9      | Reached skill level 5 in Short Blades
  8488 | D:9      | Reached skill level 5 in Long Blades
  8488 | D:9      | Reached skill level 5 in Axes
  8488 | D:9      | Reached skill level 5 in Maces & Flails
  8488 | D:9      | Reached skill level 5 in Polearms
  8488 | D:9      | Reached skill level 5 in Staves
  8488 | D:9      | Reached skill level 5 in Ranged Weapons
  8488 | D:9      | Reached skill level 5 in Throwing
  8488 | D:9      | Reached skill level 5 in Armour
  8488 | D:9      | Reached skill level 5 in Shields
  8488 | D:9      | Reached skill level 5 in Unarmed Combat
  8488 | D:9      | Reached skill level 5 in Evocations
  8488 | D:9      | Reached XP level 10. HP: 73/74 MP: 10/20
  8590 | D:9      | Noticed a two-headed ogre
  8598 | D:9      | Reached skill level 7 in Dodging
  8600 | D:9      | Killed a two-headed ogre
  8706 | D:9      | Noticed a two-headed ogre
  8708 | D:9      | Noticed a centaur warrior
  8713 | D:9      | Noticed a five-headed hydra
  8735 | D:9      | Reached skill level 6 in Invocations
  8883 | D:9      | Reached skill level 7 in Stealth
  8883 | D:9      | Reached skill level 5 in Shapeshifting
  8993 | D:9      | Offered knowledge of Static Discharge by Vehumet.
  9096 | D:9      | Found Arpheoch's Magic Scroll Shoppe.
  9124 | D:9      | Reached *** piety under Vehumet
  9244 | D:9      | Bought a scroll of teleportation for 45 gold pieces
  9244 | D:9      | Bought a scroll of blinking for 112 gold pieces
  9349 | D:9      | Killed a centaur warrior
  9350 | D:9      | Reached skill level 6 in Fighting
  9350 | D:9      | Reached skill level 6 in Short Blades
  9350 | D:9      | Reached skill level 6 in Long Blades
  9350 | D:9      | Reached skill level 6 in Axes
  9350 | D:9      | Reached skill level 6 in Maces & Flails
  9350 | D:9      | Reached skill level 6 in Polearms
  9350 | D:9      | Reached skill level 6 in Staves
  9350 | D:9      | Reached skill level 6 in Ranged Weapons
  9350 | D:9      | Reached skill level 6 in Throwing
  9350 | D:9      | Reached skill level 6 in Armour
  9350 | D:9      | Reached skill level 6 in Shields
  9350 | D:9      | Reached skill level 6 in Unarmed Combat
  9350 | D:9      | Reached skill level 5 in Hexes
  9350 | D:9      | Reached skill level 5 in Summonings
  9350 | D:9      | Reached skill level 5 in Necromancy
  9350 | D:9      | Reached skill level 5 in Translocations
  9350 | D:9      | Reached skill level 5 in Fire Magic
  9350 | D:9      | Reached skill level 5 in Ice Magic
  9350 | D:9      | Reached skill level 5 in Air Magic
  9350 | D:9      | Reached skill level 5 in Earth Magic
  9350 | D:9      | Reached skill level 5 in Alchemy
  9350 | D:9      | Reached skill level 6 in Evocations
  9350 | D:9      | Reached XP level 11. HP: 81/81 MP: 19/22
  9446 | D:9      | Identified the +2 quarterstaff "Giv Hure" {flame, rElec
                  | rPois Int+5 Dex-4}
  9465 | D:9      | Killed a five-headed hydra
  9466 | D:9      | Reached skill level 8 in Spellcasting
  9564 | D:9      | Noticed an arcanist
  9578 | D:9      | Killed an arcanist
  9620 | D:9      | Noticed a cyclops
  9632 | D:9      | Killed a cyclops
  9632 | D:9      | Offered knowledge of Airstrike by Vehumet.
  9655 | D:9      | Reached skill level 9 in Conjurations
  9655 | D:9      | Reached skill level 7 in Invocations
  9690 | D:9      | Noticed a cyclops
  9752 | D:9      | Reached skill level 8 in Dodging
  9913 | D:9      | Killed a cyclops
 10007 | D:10     | Entered Level 10 of the Dungeon
 10354 | D:10     | Noticed Amaemon
 10364 | D:10     | Noticed Josephine
 10379 | D:10     | Killed Josephine
 10380 | D:10     | Reached skill level 6 in Shapeshifting
 10389 | D:10     | Reached skill level 8 in Stealth
 10572 | D:10     | Found an ornate altar of the Wu Jian Council.
 10750 | D:10     | Found a staircase to the Orcish Mines.
 10790 | D:10     | Reached **** piety under Vehumet
 10822 | D:10     | Found Dorof's Assorted Antiques.
 10860 | D:10     | HP: 17/83 [something (14)]
 10861 | D:10     | HP: 5/83 [something (13)]
 10863 | D:10     | HP: 1/83 [something (7)]
 11009 | D:10     | Found Weuwufet's Tiny Tomes.
 11017 | D:10     | Bought the Papyrus of Bombardment for 198 gold pieces
 11017 | D:10     | You add the spell Lehudib's Crystal Spear to your library.
 11026 | D:10     | Learned a level 8 spell: Lehudib's Crystal Spear
 11112 | D:11     | Noticed a two-headed ogre
 11122 | D:11     | Killed a two-headed ogre
 11266 | D:11     | Offered knowledge of Dazzling Flash by Vehumet.
 11339 | D:11     | Reached skill level 7 in Fighting
 11339 | D:11     | Reached skill level 7 in Short Blades
 11339 | D:11     | Reached skill level 7 in Long Blades
 11339 | D:11     | Reached skill level 7 in Axes
 11339 | D:11     | Reached skill level 7 in Maces & Flails
 11339 | D:11     | Reached skill level 7 in Polearms
 11339 | D:11     | Reached skill level 7 in Staves
 11339 | D:11     | Reached skill level 7 in Ranged Weapons
 11339 | D:11     | Reached skill level 7 in Throwing
 11339 | D:11     | Reached skill level 7 in Armour
 11339 | D:11     | Reached skill level 7 in Shields
 11339 | D:11     | Reached skill level 7 in Unarmed Combat
 11339 | D:11     | Reached skill level 7 in Evocations
 11537 | D:11     | Noticed a white ugly thing
 11566 | D:11     | Killed a white ugly thing
 11567 | D:11     | Reached XP level 12. HP: 91/91 MP: 18/24
 11675 | D:11     | Reached skill level 6 in Hexes
 11675 | D:11     | Reached skill level 6 in Summonings
 11675 | D:11     | Reached skill level 6 in Necromancy
 11675 | D:11     | Reached skill level 6 in Translocations
 11675 | D:11     | Reached skill level 6 in Fire Magic
 11675 | D:11     | Reached skill level 6 in Ice Magic
 11675 | D:11     | Reached skill level 6 in Air Magic
 11675 | D:11     | Reached skill level 6 in Earth Magic
 11675 | D:11     | Reached skill level 6 in Alchemy
 12275 | D:11     | Reached skill level 8 in Invocations
 12670 | D:12     | Reached skill level 9 in Spellcasting
 12788 | D:12     | Noticed Fannar
 12825 | D:12     | Killed Fannar
 13046 | D:12     | Reached ***** piety under Vehumet
 13209 | D:12     | Offered knowledge of Fireball by Vehumet.
 13221 | D:12     | You add the spell Fireball to your library.
 13221 | D:12     | Learned a level 5 spell: Fireball
 13368 | D:12     | Identified the +5 battleaxe of Untruth {flame, *Noise
                  | Dex+8}
 13442 | D:12     | Noticed a boulder beetle
 13490 | D:12     | Killed a boulder beetle
 13491 | D:12     | Reached skill level 9 in Dodging
 13654 | D:12     | HP: 20/91 [deep elf pyromancer/bolt of fire (33)]
 13656 | D:12     | HP: 3/91 [burnt (13)]
 13657 | D:12     | Reached skill level 7 in Shapeshifting
 13657 | D:12     | Incinerated by a deep elf pyromancer

Vanquished Creatures
  Josephine (D:10)
  A hydra (D:9)
  Fannar (D:12)
  A boulder beetle (D:12)
  A centaur warrior (D:9)
  3 two-headed ogres
  2 deep elf pyromancers (D:12)
  An arcanist (D:9)
  2 ugly things
  A manticore (D:11)
  3 cyclopes
  An unseen horror (D:10)
  A komodo dragon (D:11)
  4 kobold demonologists (D:11)
  A shadow (D:9)
  3 wraiths (D:10)
  3 wyverns (D:9)
  2 vampires (D:10)
  7 yaks (D:9)
  A steam dragon (D:7)
  A vampire mosquito (D:9)
  2 acid dragons
  3 water moccasins
  2 sky beasts
  An ice beast (D:6)
  7 orc warriors
  2 black bears
  A laughing skull (D:9)
  4 ogres
  8 centaurs
  4 kobold brigands (D:9)
  2 bullfrogs
  3 gnoll sergeants
  2 scorpions
  A wight (D:9)
  10 killer bees
  5 howler monkeys
  3 hounds
  14 orc priests
  3 bombardier beetles
  Crazy Yiuf (D:5)
  2 jellies
  3 iguanas
  15 orc wizards
  4 sleepcaps
  5 gnolls (D:10)
  7 adders
  An adder (shapeshifter) (D:11)
  A white imp (D:6)
  3 dart slugs
  3 ribbon worms
  49 orcs
  9 endoplasms
  4 giant cockroaches
  6 goblins
  9 hobgoblins
  26 kobolds
  7 quokkas
  8 ball pythons
  8 bats
  6 frilled lizards
  3 rats (D:1)
298 creatures vanquished.

Table legend:
 A = Non-vault XP
 B = Vault XP
 C = Vault XP percentage of total XP
 D = Non-vault monster count
 E = Vault monster count
 F = Vault count percentage of total count
                 A         B        C        D         E       F
            +---------+---------+-------+---------+---------+-------
      Total |   15667 |   10137 |  39.3 |     240 |      58 |  19.5
            +---------+---------+-------+---------+---------+-------
        D:1 |      54 |       0 |   0.0 |      33 |       0 |   0.0
        D:2 |      43 |       0 |   0.0 |      16 |       0 |   0.0
        D:3 |      89 |       0 |   0.0 |      17 |       0 |   0.0
        D:4 |     313 |       3 |   0.9 |      17 |       2 |  10.5
        D:5 |     575 |     127 |  18.1 |      14 |       4 |  22.2
        D:6 |     976 |       0 |   0.0 |      22 |       0 |   0.0
        D:7 |     489 |       5 |   1.0 |       9 |       1 |  10.0
        D:8 |     773 |       0 |   0.0 |      10 |       0 |   0.0
        D:9 |    3632 |    5596 |  60.6 |      42 |      18 |  30.0
       D:10 |    1434 |    1556 |  52.0 |      16 |       4 |  20.0
       D:11 |    3874 |    1018 |  20.8 |      30 |       4 |  11.8
       D:12 |    3415 |    1832 |  34.9 |      14 |      25 |  64.1
            +---------+---------+-------+---------+---------+-------

Skill      XL: |  1  2  3  4  5  6  7  8  9 10 11 12 |
---------------+-------------------------------------+-----
Spellcasting   | 5 6 7 8 9 |  9.2
Invocations    | 1 2 3 4 5 6 7 8 |  8.4
Fighting       | 1 2 3 5 6 7 |  7.6
Short Blades   | 1 2 3 5 6 7 |  7.6
Long Blades    | 1 2 3 5 6 7 |  7.6
Axes           | 1 2 3 5 6 7 |  7.6
Maces & Flails | 1 2 3 5 6 7 |  7.6
Polearms       | 1 2 3 5 6 7 |  7.6
Staves         | 1 2 3 5 6 7 |  7.6
Ranged Weapons | 1 2 3 5 6 7 |  7.6
Throwing       | 1 2 3 5 6 7 |  7.6
Armour         | 1 2 3 5 6 7 |  7.6
Shields        | 1 2 3 5 6 7 |  7.6
Unarmed Combat | 1 2 3 5 6 7 |  7.6
Evocations     | 1 2 3 5 6 7 |  7.6
Shapeshifting  | 1 2 3 4 5 6 7 |  7.0
Hexes          | 1 2 3 4 5 6 |  6.3
Summonings     | 1 2 3 4 5 6 |  6.3
Necromancy     | 1 2 3 4 5 6 |  6.3
Translocations | 1 2 3 4 5 6 |  6.3
Fire Magic     | 1 2 3 4 5 6 |  6.3
Ice Magic      | 1 2 3 4 5 6 |  6.3
Air Magic      | 1 2 3 4 5 6 |  6.3
Earth Magic    | 1 2 3 4 5 6 |  6.3
Alchemy        | 1 2 3 4 5 6 |  6.3
Dodging        | 5 6 7 8 9 |  9.0
Stealth        | 5 6 7 8 |  8.8
Conjurations   | 8 9 |  9.6

Action                     |  1- 3 |  4- 6 |  7- 9 | 10-12 || total
---------------------------+-------+-------+-------+-------++-------
  Melee: Unarmed           |       |     3 |    12 |       ||    15
         Bite              |       |     1 |     3 |    14 ||    18
         Short sword       |       |       |     8 |    13 ||    21
         Punch             |       |       |     1 |       ||     1
         Quarterstaff      |       |       |       |    60 ||    60
   Cast: Magic Dart        |    70 |    78 |   115 |    22 ||   285
         Searing Ray       |     1 |     7 |    49 |    90 ||   147
         Frozen Ramparts   |       |       |     6 |    30 ||    36
         Iskenderun's Myst |       |       |    11 |    50 ||    61
         Fireball          |       |       |       |     1 ||     1
  Evoke: Wand              |       |       |       |     2 ||     2
    Use: Scroll            |     4 |     5 |     5 |     5 ||    19
         Potion            |       |       |       |     5 ||     5
   Stab: Sleeping          |       |       |     1 |     3 ||     4
 Armour: Robe              |     2 |     9 |    50 |       ||    61
         Steam dragon scal |       |       |    26 |   320 ||   346
  Dodge: Dodged            |     2 |     5 |    65 |   209 ||   281

Illustrated notes

Table legend:
 A = Kills in this place as a percentage of kills in the entire game.
 B = Kills by you in this place as a percentage of kills by you in the entire game.
 C = Kills by friends in this place as a percentage of kills by friends in the entire game.
 D = Other kills in this place as a percentage of other kills in the entire game.
 E = Experience gained in this place as a percentage of experience gained in the entire game.
 F = Experience gained in this place divided by the number of levels of this place that you have seen.
                   A       B       C       D       E      F
               +-------+-------+-------+-------+-------+----------------------
         Total | 100.0 | 100.0 |   N/A |   N/A | 100.0 | 1984.9
       Dungeon | 100.0 | 100.0 |   N/A |   N/A | 100.0 | 2150.3
               +-------+-------+-------+-------+-------+----------------------

Table legend: (Time is in decaauts)
 A = Elapsed time spent in this place.
 B = Non-inter-level travel time spent in this place.
 C = Inter-level travel time spent in this place.
 D = Time resting spent in this place.
 E = Time spent auto-exploring this place.
 F = Levels seen in this place.
 G = Mean time per level.
                   A        B        C        D        E       F      G
               +--------+--------+--------+--------+--------+-----+--------+
         Total |  13653 |  13369 |    284 |     99 |  11392 |  13 | 1050.2 |
       Dungeon |  13598 |  13367 |    231 |     99 |  11392 |  12 | 1133.2 |
        Temple |     54 |      1 |     53 |      0 |      0 |   1 |   54.0 |
               +--------+--------+--------+--------+--------+-----+--------+

Top non-repeatable levels by time:
     D:9: 1666 daAuts
    D:11: 1446 daAuts
     D:5: 1353 daAuts
     D:6: 1304 daAuts
     D:3: 1165 daAuts
    D:12: 1110 daAuts
    D:10: 1097 daAuts
     D:1: 978 daAuts
     D:7: 972 daAuts
     D:8: 932 daAuts
     D:4: 806 daAuts
     D:2: 764 daAuts
  Temple: 54 daAuts
